 Dungeon Crawl Stone Soup version 0.30-a0-4-ga7cffc901d (webtiles) character file.

Game seed: 5397902921942312169

28 ytrimaz the Trooper (level 2, -8/24 HPs)
             Began as a Demonspawn Monk on Aug 22, 2022.
             Mangled by a gnoll
             ... wielding a +0 flail
              (9 damage)
             ... on level 2 of the Dungeon.
             The game lasted 00:01:58 (940 turns).

ytrimaz the Trooper (Demonspawn Monk)                Turns: 940, Time: 00:01:59

Health: -8/24      AC:  3    Str: 11    XL:     2   Next: 96%
Magic:  2/2        EV: 13    Int: 11    God:
Gold:   3          SH:  0    Dex: 15    Spells: 1/1 levels left

rFire   . . .      SeeInvis .    l - +1 dagger
rCold   . . .      Faith    .    (no shield)
rNeg    . . .      Spirit   .    b - +0 robe
rPois   .          Reflect  .    (helmet restricted)
rElec   .          Harm     .    g - +0 cloak
rCorr   .          Rampage  .    (no gloves)
Will    .....                    (no boots)
Stlth   ++........               (no amulet)
HPRegen 0.08/turn                i - +4 ring of slaying
MPRegen 0.08/turn                (no ring)

@: about to teleport
A: horns 1
a: no special abilities


You were on level 2 of the Dungeon.
You visited 1 branch of the dungeon, and saw 2 of its levels.

You collected 3 gold pieces.

Inventory:

Hand Weapons
 a - a +0 short sword
 l - a +1 dagger (weapon)
Armour
 b - a +0 robe (worn)
 g - a +0 cloak (worn)
Jewellery
 i - a +4 ring of slaying (left hand)
Scrolls
 j - a scroll of butterflies
Potions
 c - a potion of ambrosia
 d - a potion of mutation
 e - a potion of curing


   Skills:
 + Level 3.3 Fighting
 + Level 3.1 Short Blades
 + Level 3.1 Dodging
 - Level 1.8 Stealth


You had one spell level left.
You didn't know any spells.
Your spell library was empty.

Dungeon Overview and Level Annotations

Branches:
Dungeon (2/15)

Altars:


Innate Abilities, Weirdness & Mutations

You have a pair of small horns on your head.


Message History

The giant cockroach is moderately wounded.
The giant cockroach barely misses you.
You hit the giant cockroach.
The giant cockroach is heavily wounded.
The giant cockroach closely misses you.
You hit the giant cockroach.
You kill the giant cockroach!
Setting a skill training target for Short Blades at 10.0.
Unknown command.
A gnoll comes into view. It is wielding a +0 flail.
A gnoll is nearby!
A gnoll is nearby!
The gnoll shouts!
A gnoll comes into view. It is wielding a +0 flail.
The gnoll misses you.
A gnoll comes into view. It is wielding a +0 spear.
You barely miss the gnoll.
The gnoll shouts!
You hear a shout!
The gnoll hits you with a +0 flail!
You hit the gnoll. Your headbutt misses the gnoll.
The gnoll is moderately wounded.
A gnoll comes into view. It is wielding a +0 whip.
The gnoll closely misses you.
It was a potion of magic.
Magic courses through your body. The gnoll hits you with a +0 flail!
* * * LOW HITPOINT WARNING * * *
Unknown command.
You feel better. The gnoll closely misses you.
As you read the scroll of teleportation, it crumbles to dust.
You feel strangely unstable.
Unknown command.
The gnoll attacks as you move away! The gnoll misses you.
The gnoll hits you with a +0 flail.
* * * LOW HITPOINT WARNING * * *
The gnoll attacks as you move away! The gnoll closely misses you.
The gnoll attacks as you move away! The gnoll hits you with a +0 flail.
* * * LOW HITPOINT WARNING * * *
Unknown command.
The gnoll attacks as you move away! The gnoll hits you with a +0 flail!
You die...

#.......#####
##..........#
#.....####.#
#......#
#......#
#.†.†..#
###†##.###.
####.........
+....@...####
####gg.#.####
##........
#g##.###. #.#
.# #.# # ..#
... ....


You could see 3 gnolls.

Vanquished Creatures
  3 dart slugs (D:1)
  2 ball pythons (D:1)
  A bat (D:1)
  A giant cockroach (D:2)
  3 hobgoblins (D:1)
  4 jackals (D:2)
  A frilled lizard (D:1)
  3 kobolds (D:1)
  A rat (D:1)
19 creatures vanquished.

Notes
Turn   | Place    | Note
-------+----------+-------------------------------------------
     0 | D:1      | ytrimaz the Demonspawn Monk began the quest for the Orb.
     0 | D:1      | Reached XP level 1. HP: 18/18 MP: 1/1
   424 | D:1      | Gained mutation: You have a pair of small horns on your
                  | head. [demonic ancestry]
   424 | D:1      | Reached XP level 2. HP: 21/24 MP: 2/2
   939 | D:2      | HP: 1/24 [gnoll/+0 flail (2)]
   940 | D:2      | Mangled by a gnoll

Illustrated notes

Levels and vault maps discovered:
D:1:      minmay_arrival_nine_rooms, layout_basic,
          amcnicky_mini_corridor_feature
D:2:      layout_loops_corners, shapermc_ecumenical_altar_petra,
          kennysheep_generic_room_3

Skill      XL: |  1  2 |
---------------+-------+-----
Dodging        | 3 |  3.1
Short Blades   | 3 |  3.1
Fighting       | |  3.3
Stealth        | |  1.8

Action                   || total
-------------------------++-------
Melee: Short sword       ||    42
       Dagger            ||    18
       Headbutt          ||     3
  Use: Scroll            ||     7
       Potion            ||     2
 Stab: Sleeping          ||     2
Armor: Robe              ||    17
Dodge: Dodged            ||    51

Table legend: (Time is in decaauts)
 A = Elapsed time spent in this place.
 B = Non-inter-level travel time spent in this place.
 C = Inter-level travel time spent in this place.
 D = Time resting spent in this place.
 E = Time spent auto-exploring this place.
 F = Levels seen in this place.
 G = Mean time per level.
                   A        B        C        D        E       F      G
               +--------+--------+--------+--------+--------+-----+--------+
         Total |    933 |    885 |     48 |      0 |    687 |   2 |  466.5 |
       Dungeon |    933 |    885 |     48 |      0 |    687 |   2 |  466.5 |
               +--------+--------+--------+--------+--------+-----+--------+

Top non-repeatable levels by time:
     D:1: 887 daAuts
     D:2: 46 daAuts
